 Dungeon Crawl Stone Soup version 0.29.1-1-gd02db69 (webtiles) character file.

Game seed: 5823024584687577817

709 Dorkslayer the Slasher (level 7, -3/60 HPs)
             Began as a Hill Orc Fighter on Oct 22, 2022.
             Slain by an orc priest
             ... wielding a +0 mace
              (5 damage)
             ... on level 5 of the Dungeon on Oct 23, 2022.
             The game lasted 00:07:51 (4944 turns).

Dorkslayer the Slasher (Hill Orc Fighter)           Turns: 4944, Time: 00:07:51

Health: -3/60      AC: 12    Str: 21    XL:     7   Next: 68%
Magic:  7/7        EV:  8    Int:  8    God:
Gold:   244        SH:  4    Dex: 10    Spells: 6/6 levels left

rFire   . . .      SeeInvis .   u - +1 long sword (elec)
rCold   . . .      Faith    .   c - +0 buckler
rNeg    . . .      Spirit   .   h - +0 chain mail
rPois   .          Reflect  .   (no helmet)
rElec   .          Harm     .   p - +0 cloak
rCorr   .          Rampage  .   l - +0 pair of gloves
Will    .....                   (no boots)
Stlth   ..........              (no amulet)
HPRegen 0.20/turn               r - ring of flight
MPRegen 0.10/turn               (no ring)

@: flying
A: no striking features
a: Convert to Beogh


You were on level 5 of the Dungeon.
You visited 1 branch of the dungeon, and saw 5 of its levels.

You collected 244 gold pieces.

Inventory:

Hand Weapons
 a - a +0 long sword
 u - a +1 long sword of electrocution (weapon)
Missiles
 j - 2 silver boomerangs (quivered)
Armour
 c - a +0 buckler (worn)
 h - a +0 chain mail (worn)
 l - a +0 pair of gloves (worn)
 p - a +0 cloak (worn)
Jewellery
 r - a ring of flight (left hand)
Scrolls
 e - 4 scrolls of identify {unknown}
 f - 2 scrolls of acquirement {unknown}
 g - a scroll of enchant weapon {unknown}
 k - a scroll of fog {unknown}
 m - a scroll of vulnerability {unknown}
 o - a scroll of enchant armour {unknown}
 s - a scroll of amnesia {unknown}
 v - a scroll of blinking {unknown}
 x - a scroll of teleportation {unknown}
Potions
 b - 2 potions of curing {unknown}
 d - 2 potions of attraction {unknown}
 i - a potion of lignification {unknown}
 n - a potion of invisibility {unknown}
 q - 2 potions of ambrosia {unknown}
 t - a potion of magic {unknown}
 w - a potion of brilliance {unknown}


   Skills:
 + Level 4.9 Fighting
 + Level 5.9 Long Blades
 + Level 5.1 Armour
 * Level 2.9 Dodging
 + Level 0.5 Stealth
 + Level 3.9 Shields


You had 6 spell levels left.
You didn't know any spells.
Your spell library contained the following spells:

 Spells                   Type           Power      Damage    Failure   Level
 Ozocubu's Armour         Ice            0%         N/A       100%        3
 Metabolic Englaciation   Hex/Ice        0%         N/A       100%        5
 Simulacrum               Ice/Necr       0%         N/A       100%        6


Dungeon Overview and Level Annotations

Branches:
Dungeon (5/15)
 Temple: D:4-7

Altars:

Shops:
D:3 ==


Message History

You hit the orc priest.
You kill the orc priest!
The orc priest hits you with a +0 mace. The orc hits you but does no damage.
You closely miss the orc priest. The orc priest hits you with a +0 mace.
The orc hits you but does no damage.
You closely miss the orc priest.
The orc priest invokes the aid of Beogh against you.
Pain shoots through your body! The orc hits you but does no damage.
You hit the orc priest.
The orc priest shouts, "Beogh is our master!
Accept the truth or die!"
The orc priest is moderately wounded.
The orc priest invokes the aid of Beogh against you.
Beogh smites you!
* * * LOW HITPOINT WARNING * * *
You block the orc's attack.
You barely miss the orc priest.
The orc priest is moderately wounded.
The orc priest shouts, "Surrender to Beogh and we'll let you live!"
The orc priest barely misses you. The orc hits you but does no damage.
The orc priest hits you but does no damage.
You block the orc's attack.
You slash the orc priest!
The orc priest is almost dead.
You block the orc priest's attack. The orc barely misses you.
You barely miss the orc priest.
The orc priest is almost dead.
The orc priest shouts, "Join the one true god or die!"
The orc priest shouts, "Beogh is our master!
Accept the truth or die!"
The orc priest hits you but does no damage.
The orc hits you but does no damage.
You barely miss the orc priest.
The orc priest is almost dead.
The orc priest calls down the wrath of Beogh upon you.
Pain shoots through your body!
* * * LOW HITPOINT WARNING * * *
The orc hits you but does no damage.
You barely miss the orc priest.
The orc priest is almost dead.
The orc priest hits you with a +0 mace.
You die...

#.# ..... ###.### #####
#..... .o ##...##
.o..###.....##### ###
..oo............#######..
.###..................
##oo.####.##.##.... #@)##
#..........
#..########.##....
#...........###...
#.########### ##.. #.#
... ... ###. #.## #. #.
#. #. .


You could see an orc priest and an orc.

Vanquished Creatures
  A black bear (D:5)
  2 ogres
  A phantom (D:5)
  A bullfrog (D:4)
  A hound (D:4)
  An orc priest (D:5)
  2 iguanas (D:5)
  3 gnolls (D:4)
  8 adders
  A worm (D:3)
  3 dart slugs
  6 orcs
  4 ball pythons
  5 bats
  7 endoplasms
  4 giant cockroaches
  12 goblins
  5 hobgoblins
  12 jackals
  A quokka (D:4)
  2 frilled lizards
  4 kobolds
  7 rats
93 creatures vanquished.

Vanquished Creatures (others)
  A phantom (D:5)
1 creature vanquished.

Grand Total: 94 creatures vanquished

Notes
Turn   | Place    | Note
-------+----------+-------------------------------------------
     0 | D:1      | Dorkslayer the Hill Orc Fighter began the quest for the
                  | Orb.
     0 | D:1      | Reached XP level 1. HP: 19/19 MP: 1/1
   278 | D:1      | Reached XP level 2. HP: 27/27 MP: 2/2
   769 | D:1      | Reached XP level 3. HP: 32/33 MP: 3/3
   779 | D:1      | Reached skill level 1 in Dodging
   846 | D:1      | Found a faded altar of an unknown god.
  1940 | D:2      | Reached XP level 4. HP: 40/40 MP: 4/4
  2511 | D:3      | Found Qeacwong's Jewellery Shoppe.
  2841 | D:3      | Found Uramiy's Jewellery Shoppe.
  3354 | D:4      | Reached XP level 5. HP: 34/47 MP: 5/5
  3362 | D:4      | Found the +3 giant club "Skullcrusher" {speed, Str+7}
  4209 | D:4      | Noticed an ogre
  4222 | D:4      | Killed an ogre
  4223 | D:4      | Reached XP level 6. HP: 53/53 MP: 6/6
  4402 | D:4      | Reached skill level 5 in Long Blades
  4545 | D:5      | Entered Level 5 of the Dungeon
  4591 | D:5      | Noticed a black bear
  4598 | D:5      | Killed a black bear
  4599 | D:5      | Reached XP level 7. HP: 30/60 MP: 7/7
  4923 | D:5      | Reached skill level 5 in Armour
  4943 | D:5      | HP: 1/60 [orc priest/nerve-wracking pain (12)]
  4944 | D:5      | Slain by an orc priest

Illustrated notes

Levels and vault maps discovered:
D:1:      sevenhm_arrival_forest_fort_small_3, layout_loops_ring,
          nicolae_ecumenical_lake_church, minmay_tetromino_l2
D:2:      layout_basic
D:3:      layout_basic, serial_shops, nicolae_shop_crystal, nicolae_diamond_shop
D:4:      layout_loops_cross, ebering_dispersal_statue_hall
D:5:      black_bear_nest_1, layout_loops_ring, lemuel_temple_firewalk_a

Skill      XL: |  1  2  3  4  5  6  7 |
---------------+----------------------+-----
Dodging        | 1 2 |  2.9
Fighting       | 4 |  4.9
Long Blades    | 3 4 5 |  5.9
Armour         | 4 5 |  5.1
Stealth        | |  0.5
Shields        | |  3.9

Action                   |  1- 3 |  4- 6 |  7- 9 || total
-------------------------+-------+-------+-------++-------
Melee: Long sword        |   140 |   200 |    29 ||   369
  Use: Potion            |       |     1 |       ||     1
 Stab: Distracted        |       |     1 |       ||     1
Armor: Scale mail        |    14 |       |       ||    14
       Chain mail        |    87 |   121 |    20 ||   228
Dodge: Dodged            |    70 |    71 |    10 ||   151
Block: Buckler           |    24 |    32 |     8 ||    64
